 Dungeon Crawl Stone Soup version 0.22-b1-21-g5cfc1688f2 (webtiles) character file.

17674 Pisosu the Severer (level 12, -11/110 HPs)
             Began as a Minotaur Berserker on Aug 6, 2018.
             Was a High Priest of Trog.
             Mangled by an orc warrior
             ... wielding a cursed -3 battleaxe
              (15 damage)
             ... on level 2 of the Orcish Mines.
             The game lasted 00:43:36 (12820 turns).

Pisosu the Severer (Minotaur Berserker)            Turns: 12820, Time: 00:43:36

Health: -11/110    AC: 20    Str: 29    XL:     12   Next: 21%
Magic:  3/3        EV: 10    Int:  4    God:    Trog [*****.]
Gold:   1232       SH:  0    Dex: 11    Spells: 11/11 levels left

rFire    + . .     SeeInvis .   L - +1 broad axe (antimagic)
rCold    x . .     Gourm    .   (no shield)
rNeg     . . .     Faith    .   I - +0 plate armour
rPois    .         Spirit   .   (helmet restricted)
rElec    .         Reflect  .   O - +0 cloak
rCorr    .         Harm     .   x - +2 pair of gloves {Str+3}
MR       ++...                  (no boots)
Stlth    ..........             (no amulet)
HPRegen  1.28/turn              s - ring of fire
MPRegen  0.08/turn              (no ring)

@: regenerating, drained
A: retaliatory headbutt, horns 2
a: Berserk, Trog's Hand, Brothers in Arms, Renounce Religion


You were on level 2 of the Orcish Mines.
You worshipped Trog.
Trog was extremely pleased with you.
You were not hungry.

You visited 3 branches of the dungeon, and saw 12 of its levels.

You collected 1232 gold pieces.

Inventory:

Hand Weapons
 D - the +4 dire flail of Ravage {crush, *Slow rF+ Int+2 Dex+10}
   (You took it off an ogre on level 7 of the Dungeon)

   It inflicts extra damage upon your enemies.
   It affects your intelligence (+2).
   It affects your dexterity (+10).
   It protects you from fire.
   It may slow you when you take damage.
 G - a +1 arbalest
 L - a +1 antimagic broad axe (weapon)
Missiles
 a - 6 poisoned javelins
 F - 56 bolts
 W - 13 tomahawks (quivered)
Armour
 u - a +2 ring mail of cold resistance
 x - a +2 pair of gloves of strength (worn)
 z - a +0 shield
 I - a +0 plate armour (worn)
 O - a +0 cloak (worn)
 V - a +0 troll leather armour
Magical Staves
 w - an uncursed staff of poison
Jewellery
 s - a ring of fire (left hand)
 A - an uncursed ring of see invisible {unknown}
 Q - an uncursed amulet of the acrobat {unknown}
 U - a cursed ring of attention {unknown}
Wands
 b - a wand of flame (23)
 l - a wand of disintegration (18)
 t - a wand of clouds (6)
 y - a wand of acid (8)
 E - a wand of iceblast (3)
 H - a wand of random effects (20)
 K - a wand of polymorph (7)
Scrolls
 e - 21 scrolls of identify
 h - 4 scrolls of teleportation
 j - a scroll of enchant armour
 k - 5 scrolls of remove curse
 v - 4 scrolls of fear
 J - a scroll of random uselessness {unknown}
 P - 2 scrolls of immolation {unknown}
 R - a scroll of acquirement {unknown}
 T - a scroll of vulnerability {unknown}
Potions
 d - 4 potions of flight
 f - 4 potions of lignification
 g - 2 potions of magic
 i - 2 potions of agility {unknown}
 m - a potion of cancellation {unknown}
 o - a potion of might {unknown}
 p - 3 potions of curing {unknown}
 q - 3 potions of mutation {unknown}
 r - 2 potions of brilliance {unknown}
 C - 2 potions of haste {unknown}
 M - a potion of heal wounds {unknown}
Miscellaneous
 B - a box of beasts
Comestibles
 c - 15 rations
 n - 5 chunks of flesh


   Skills:
 + Level 11.5(11.4) Fighting
 + Level 16.1(15.9) Axes
 + Level 12.0(11.9) Armour
 + Level 5.9(5.8) Dodging


You had 11 spell levels left.
You didn't know any spells.
Your spell library was empty.

Dungeon Overview and Level Annotations

Branches:
Dungeon (9/15)             Temple (0/1) D:6            Lair (1/6) D:9
    Orc (2/2) D:9             Elf (0/3) Orc:2

Altars:
Dithmenos
Fedhas
Gozag
Hepliaklqana
Kikubaaqudgha
Makhleb
Nemelex Xobeh
Okawaru
Ru
Sif Muna
Vehumet
Wu Jian
The Shining One

Shops:
Orc:2 :

Annotations:
D:4 1 runed door
D:5 2 runed doors
Lair:1 Fannar


Innate Abilities, Weirdness & Mutations

You reflexively headbutt those who attack you in melee.
You have a pair of horns on your head.


Message History

You slash the orc warrior! You headbutt the orc warrior.
The orc warrior is heavily wounded.
You hit the orc knight. The orc warrior closely misses you.
The orc knight hits you but does no damage.
You hit the orc knight.
The orc knight is heavily wounded.
You hit the orc warrior but do no damage.
The orc warrior barely misses you.
You slash the orc knight! Your headbutt misses the orc knight.
The orc knight is severely wounded.
You hit the orc warrior.
The orc knight hits you with a battleaxe!!
* * * LOW HITPOINT WARNING * * *
You hear a shout! x3
Your skin crawls.
You feel resistant to hostile enchantments.
You feel somewhat more hungry.
An orc warrior comes into view. It is wielding a dire flail.
The orc warrior hits you with an enchanted battleaxe!
You die...

#...........#... ...
#...............
o.##...............
.÷.##..............
...#..............
.÷.##............. ##
#o..#...)......... ...##
##o..#...)......... ......
###o@..#.............
.......#####.(...##.)...........
.................##..............
................##...............
............).###.)..............
.............##.)................
.............()..................
..............)).................
.................................


You could see an orc knight and 3 orc warriors.

Vanquished Creatures
  Josephine (Orc:2)
  2 two-headed ogres (D:9)
  The ghost of Pisosu the Cleaver, a novice MiBe of Trog (D:7)
  3 orc knights
  2 orc sorcerers
  A cyclops (Orc:1)
  Joseph (D:8)
  Maurice (D:8)
  2 spiny frogs (Lair:1)
  A komodo dragon (Lair:1)
  2 trolls
  2 hippogriffs
  4 wraiths (Orc:2)
  Eustachio (D:5)
  Sigmund (D:3)
  4 basilisks
  3 yaks (Lair:1)
  5 wargs (Orc:2)
  4 water moccasins
  3 porcupines
  16 orc warriors
  2 ice beasts
  4 black bears
  2 phantoms
  A sky beast (D:5)
  10 ogres
  4 wolves
  The ghost of Arth the Slasher, an amateur DsGl (D:4)
  4 centaurs
  A crocodile (D:9)
  A big kobold (D:8)
  4 bullfrogs
  A gnoll sergeant (D:9)
  4 scorpions
  6 killer bees
  9 wights
  A howler monkey (D:5)
  5 crimson imps
  6 hounds
  A bullfrog zombie (D:6)
  12 orc priests
  2 centaur skeletons
  A jelly (D:5)
  5 iguanas
  15 orc wizards
  8 worker ants
  A bullfrog simulacrum (D:4)
  A centaur simulacrum (D:4)
  A hound zombie (D:7)
  A hound skeleton (D:7)
  A howler monkey zombie (D:9)
  2 worker ant zombies
  7 gnolls
  13 adders
  A howler monkey skeleton (D:7)
  A shadow imp (D:7)
  A worker ant simulacrum (D:4)
  4 oozes
  2 adder skeletons
  A worm (D:5)
  4 dart slugs
  2 adder simulacra (D:4)
  2 leopard geckos
  57 orcs
  10 bats
  4 giant cockroaches
  10 goblins
  8 hobgoblins
  20 jackals
  9 kobolds
  6 quokkas
  A ball python (D:7)
  3 frilled lizards
  A jackal simulacrum (D:4)
  A quokka simulacrum (D:4)
  12 rats
  2 plants (D:9)
359 creatures vanquished.

Vanquished Creatures (others)
  A fungus (Lair:1)
1 creature vanquished.

Grand Total: 360 creatures vanquished

Notes
Turn   | Place    | Note
-------+----------+-------------------------------------------
     0 | D:1      | Pisosu the Minotaur Berserker began the quest for the Orb.
     0 | D:1      | Reached XP level 1. HP: 19/19 MP: 0/0
    36 | D:1      | Reached skill level 4 in Axes
    36 | D:1      | Reached XP level 2. HP: 27/27 MP: 1/1
   224 | D:1      | Reached XP level 3. HP: 24/34 MP: 2/2
   378 | D:1      | Reached ** piety under Trog
   890 | D:2      | Reached XP level 4. HP: 35/41 MP: 3/3
  1309 | D:3      | Reached *** piety under Trog
  1351 | D:3      | Reached skill level 5 in Axes
  1638 | D:3      | Reached XP level 5. HP: 43/47 MP: 4/4
  1700 | D:3      | Found a burning altar of Makhleb.
  1703 | D:3      | Found a hazy altar of Hepliaklqana.
  1706 | D:3      | Found a sacrificial altar of Ru.
  1708 | D:3      | Found an ancient bone altar of Kikubaaqudgha.
  1708 | D:3      | Found an opulent altar of Gozag.
  1711 | D:3      | Found an iron altar of Okawaru.
  1712 | D:3      | Found a deep blue altar of Sif Muna.
  1713 | D:3      | Found a blossoming altar of Fedhas.
  1750 | D:3      | Noticed Sigmund
  1797 | D:4      | Found a glowing golden altar of the Shining One.
  1805 | D:4      | Found a runed door.
  1805 | D:4      | Noticed an angel
  1970 | D:4      | Reached skill level 5 in Fighting
  1977 | D:4      | Reached XP level 6. HP: 33/56 MP: 5/5
  2148 | D:4      | Reached skill level 6 in Axes
  2149 | D:4      | Found a runed gate.
  2149 | D:4      | Found a runed gate.
  2149 | D:4      | Found a runed gate.
  2183 | D:4      | Noticed Arth's ghost (amateur DsGl)
  2184 | D:4      | Noticed an ice beast
  2673 | D:4      | Killed Arth's ghost
  2691 | D:4      | Killed an ice beast
  2691 | D:4      | Reached **** piety under Trog
  2691 | D:4      | Reached skill level 7 in Axes
  2691 | D:4      | Reached XP level 7. HP: 23/61 MP: 6/6
  3249 | D:3      | Killed Sigmund
  3249 | D:3      | Reached skill level 5 in Armour
  3452 | D:5      | Entered Level 5 of the Dungeon
  3467 | D:5      | Reached skill level 8 in Axes
  3484 | D:5      | Found a large runed door.
  3484 | D:5      | Found a large runed door.
  3584 | D:5      | Reached XP level 8. HP: 66/70 MP: 7/7
  3889 | D:5      | Found a sparkling altar of Nemelex Xobeh.
  3901 | D:5      | Reached skill level 9 in Axes
  4284 | D:5      | Found a large runed door.
  4285 | D:5      | Found a large runed door.
  4317 | D:5      | Reached skill level 5 in Dodging
  4372 | D:5      | Noticed Eustachio
  4398 | D:5      | Killed Eustachio
  4398 | D:5      | Reached skill level 10 in Axes
  4709 | D:5      | Reached XP level 9. HP: 76/79 MP: 8/8
  5109 | D:6      | Found a shadowy altar of Dithmenos.
  5110 | D:6      | Found a radiant altar of Vehumet.
  5147 | D:6      | Found a staircase to the Ecumenical Temple.
  6076 | D:7      | Reached skill level 11 in Axes
  6447 | D:7      | Found a transporter.
  6453 | D:7      | Reached ***** piety under Trog
  6456 | D:7      | Noticed Pisosu's ghost (novice MiBe)
  6459 | D:7      | Found a transporter.
  6728 | D:7      | Reached skill level 12 in Axes
  6843 | D:7      | Killed Pisosu's ghost
  6843 | D:7      | Reached XP level 10. HP: 90/90 MP: 9/9
  6852 | D:7      | Got a polished dire flail {crush}
  6856 | D:7      | Identified the +4 dire flail of Ravage {crush, *Slow rF+ Int+2 Dex+10} (You took it off an ogre on level 7 of the Dungeon)
  7064 | D:8      | Received a gift from Trog
  7106 | D:8      | Noticed Joseph
  7116 | D:8      | Killed Joseph
  7303 | D:8      | Noticed Maurice
  7315 | D:8      | Killed Maurice
  7841 | D:8      | Reached skill level 13 in Axes
  8225 | D:9      | Found a staircase to the Lair.
  8535 | D:9      | Found a staircase to the Orcish Mines.
  8944 | D:9      | Noticed a two-headed ogre
  8953 | D:9      | Killed a two-headed ogre
  8953 | D:9      | Reached skill level 14 in Axes
  9026 | D:9      | Found an ornate altar of the Wu Jian Council.
  9089 | D:9      | Noticed a two-headed ogre
  9094 | D:9      | Killed a two-headed ogre
  9094 | D:9      | Reached skill level 10 in Armour
  9094 | D:9      | Reached XP level 11. HP: 99/99 MP: 3/10
  9335 | Lair:1   | Entered Level 1 of the Lair of Beasts
  9354 | Lair:1   | Reached skill level 10 in Fighting
  9949 | Lair:1   | Noticed Fannar
 10111 | Orc:1    | Entered Level 1 of the Orcish Mines
 10164 | Orc:1    | Noticed an orc knight
 10385 | D:9      | Killed an orc knight
 10731 | D:9      | Reached skill level 15 in Axes
 10766 | Orc:1    | Noticed an orc sorcerer
 10787 | Orc:1    | Killed an orc sorcerer
 10914 | Orc:1    | Received a gift from Trog
 11106 | Orc:2    | Entered Level 2 of the Orcish Mines
 11106 | Orc:2    | Found Nuajol's Book Boutique.
 11106 | Orc:2    | Found a staircase to the Elven Halls.
 11460 | Orc:2    | Noticed Josephine
 11663 | Orc:2    | Noticed an orc sorcerer
 12069 | Orc:2    | Noticed an orc knight
 12093 | Orc:2    | Killed an orc knight
 12097 | Orc:2    | Killed Josephine
 12097 | Orc:2    | Reached XP level 12. HP: 110/110 MP: 3/11
 12716 | Orc:2    | Reached skill level 16 in Axes
 12819 | Orc:2    | HP: 3/110 [orc knight/battleaxe (32)]
 12820 | Orc:2    | Mangled by an orc warrior

Skill      XL: |  1  2  3  4  5  6  7  8  9 10 11 12 |
---------------+-------------------------------------+-----
Axes           | 4 5 7 8 10 12 14 15 16 | 16.1
Fighting       | 4 5 6 7 8 9 11 | 11.5
Armour         | 3 4 5 6 8 10 11 12 | 12.0
Dodging        | 3 4 5 |  5.9

Action                   |  1- 3 |  4- 6 |  7- 9 | 10-12 || total
-------------------------+-------+-------+-------+-------++-------
Melee: Hand axe          |    94 |   104 |       |       ||   198
       Headbutt          |    13 |    21 |    56 |    98 ||   188
       War axe           |       |    26 |   299 |     1 ||   326
       Staff             |       |       |     2 |       ||     2
       Broad axe         |       |       |       |   380 ||   380
       Battleaxe         |       |       |       |    16 ||    16
Throw: Tomahawk          |       |     1 |       |    52 ||    53
       Javelin           |       |       |    15 |     9 ||    24
Invok: Berserk           |       |     1 |     3 |     7 ||    11
       Trog's Hand       |       |       |       |     5 ||     5
  Use: Scroll            |       |       |     9 |     2 ||    11
       Potion            |       |       |       |     3 ||     3
 Stab: Sleeping          |     2 |       |       |       ||     2
  Eat: Chunk             |       |     5 |    10 |    29 ||    44
       Ration            |       |     1 |     1 |       ||     2
Armor: Animal skin       |    11 |       |       |       ||    11
       Ring mail         |    13 |    44 |    59 |       ||   116
       Plate armour      |       |       |    63 |   261 ||   324
Dodge: Dodged            |    58 |    82 |   192 |   227 ||   559
